AoeStats
← xxCamper_2

Fortress

510178955Analyzed
3v3 RM · 1d ago on Sep 29, 2026· 48m 24s· 6 players
Game mode
Random Map
Map size
Large (8 player)
Population
200
Speed
Normal
Resources
Standard
Victory
Conquest
Starting age
Dark Age
Ending age
Imperial Age
RankedLock teamsTeams togetherTeam positionsShared explorationLock speedFull tech treeHidden civsTurbo modeCheats
Victory
Defeat
🇪🇨 Franks · Ecuador
1349
+10
🇦🇺 Britons · Australia
1306
+12
🇵🇪 Mongols · Peru
1240
+15
🇸🇰 Japanese · Slovakia
1320
-16
🇩🇪 Magyars · Germany
1261
-14
🇬🇧 Khmer · United Kingdom
1074
-7
boss_slewz
0:39 Loom
7:41 Feudal Age
9:35 Double-Bit Axe
12:44 Castle Age
14:44 Wheelbarrow
22:33 Bow Saw
22:32 Horse Collar
27:10 Imperial Age
26:19 Scale Barding Armor
26:24 Forging
27:19 Elite Ballista Elephant
28:02 Double Crossbow
28:32 Ballistics
29:14 Chemistry
29:53 Chain Barding Armor
30:09 Iron Casting
31:49 Husbandry
32:00 Bloodlines
36:15 Plate Barding Armor
36:52 Conscription
36:09 Light Cavalry
37:19 Hussar
39:35 Fletching
40:47 Blast Furnace
42:28 Bodkin Arrow
xxCamper_2
8:24 Feudal Age
12:21 Castle Age
10:17 Loom
10:24 Double-Bit Axe
11:20 Horse Collar
15:22 Bow Saw
16:23 Wheelbarrow
19:43 Fletching
19:39 Elite Skirmisher
21:05 Padded Archer Armor
22:31 Bodkin Arrow
23:22 Ballistics
23:55 Leather Archer Armor
31:10 Scale Mail Armor
32:00 Hand Cart
32:24 Thumb Ring
33:32 Chain Mail Armor
Domination
7:59 Feudal Age
12:58 Castle Age
11:44 Gold Mining
11:36 Horse Collar
11:52 Double-Bit Axe
13:16 Fletching
13:27 Padded Archer Armor
13:57 Bow Saw
19:22 Loom
KOF ELGRANKUSKING
8:00 Feudal Age
10:04 Double-Bit Axe
12:19 Castle Age
11:23 Gold Mining
13:31 Bow Saw
19:46 Wheelbarrow
18:57 Loom
18:58 Town Watch
20:50 Stone Mining
26:34 Imperial Age
25:08 Gold Shaft Mining
25:11 Hand Cart
26:45 Forging
26:42 Scale Barding Armor
28:16 Iron Casting
28:10 Chivalry
28:35 Conscription
28:57 Chain Barding Armor
28:28 Fletching
28:22 Cavalier
30:25 Blast Furnace
29:35 Husbandry
29:16 Paladin
32:29 Plate Barding Armor
35:29 Heavy Scorpion
35:55 Capped Ram
41:05 Ballistics
40:31 Arrowslits
41:47 Chemistry
40:56 Siege Engineers
41:13 Ballistics
41:53 Chemistry
40:39 Arrowslits
41:05 Masonry
40:36 Treadmill Crane
42:10 Caravan
47:38 Light Cavalry
Execute290
6:54 Feudal Age
11:14 Castle Age
9:24 Double-Bit Axe
9:23 Horse Collar
11:50 Bloodlines
13:51 Fletching
15:28 Bow Saw
16:45 Bodkin Arrow
19:16 Padded Archer Armor
19:04 Loom
19:54 Wheelbarrow
23:05 Leather Archer Armor
29:19 Imperial Age
28:35 Husbandry
28:42 Scale Barding Armor
28:48 Forging
30:01 Town Watch
30:31 Hand Cart
29:38 Elite Steppe Lancer
31:45 Heavy Plow
34:33 Town Patrol
36:07 Drill
36:13 Capped Ram
37:20 Chain Barding Armor
37:36 Iron Casting
37:06 Siege Ram
39:01 Onager
40:18 Siege Onager
BeardyNath
8:40 Feudal Age
12:29 Castle Age
10:28 Double-Bit Axe
10:45 Horse Collar
16:07 Imperial Age
14:22 Gold Mining
14:44 Fletching
16:06 Bow Saw
16:25 Bodkin Arrow
17:49 Loom
18:41 Wheelbarrow
18:09 Bodkin Arrow
20:13 Wheelbarrow
20:44 Bracer
22:12 Ballistics
22:21 Town Watch
24:01 Padded Archer Armor
26:18 Chemistry
28:45 Leather Archer Armor
30:16 Yeomen
32:30 Ring Archer Armor
33:27 Two-Man Saw
33:08 Conscription
38:21 Hand Cart
38:25 Elite Longbowman
42:48 Caravan
Connection lost

Rejoining the realm…

Still unreachable

The connection could not be restored.

Session expired

The server has moved on; the page needs a fresh start.